Map: Dead of Night

Players

StarXcrafteR

  • Race: Protoss Protoss
  • Spawn Location: 0:00

Takker

  • Race: Protoss Protoss
  • Spawn Location: 0:00

VOD

Have the link to the VOD?

Description

Time

  • Played on: May 18, 2019, 10:02 p.m.
  • Length: 27:43
Show
View Real Time Build Order
Export as new Build Order

StarXcrafteR Protoss 

Build Orders:  

Get SALT Encoding   

  12  0:21  Pylon  
  12  0:33  Probe (Chrono Boost)  
  13  0:47  Probe (Chrono Boost)  
  14  1:01  Probe (Chrono Boost)  
  15  1:15  Probe (Chrono Boost)  
  15  1:17  Pylon  
  15  1:19  Pylon  
  16  1:28  Assimilator  
  16  1:29  Probe (Chrono Boost)  
  17  1:43  Probe (Chrono Boost)  
  18  1:52  Gateway  
  18  1:56  Probe (Chrono Boost)  
  19  2:10  Probe (Chrono Boost)  
  19  2:12  Forge  
  20  2:22  Assimilator  
  20  2:24  Probe (Chrono Boost)  
  20  2:29  Assimilator  
  21  2:38  Probe (Chrono Boost)  
  22  2:40  Pylon  
  22  2:52  Probe (Chrono Boost)  
  23  3:03  Cybernetics Core  
  23  3:06  Probe (Chrono Boost)  
  24  3:16  Photon Cannon  
  24  3:20  Probe (Chrono Boost)  
  24  3:27  Photon Cannon  
  25  3:48  Pylon  
  25  4:06  Gateway  
  25  4:12  Probe (Chrono Boost)  
  26  4:26  Probe (Chrono Boost)  
  26  4:29  Pylon  
  27  4:40  Death Council, Probe (Chrono Boost)  
  28  4:57  Probe (Chrono Boost)  
  29  5:08  Robotics Facility  
  29  5:10  Probe (Chrono Boost)  
  29  5:19  Pylon  
  30  5:21  Pylon  
  30  5:32  Pylon  
  30  5:34  Pylon  
  30  5:46  Pylon  
  30  5:51  Pylon  
  30  5:55  Pylon  
  30  5:59  Pylon  
  30  6:20  Ascendant Archives  
  30  6:23  Pylon  
  30  6:35  Robotics Bay  
  30  7:01  Photon Cannon  
  30  7:02  Photon Cannon  
  30  7:05  Photon Cannon  
  30  7:07  Photon Cannon  
  30  7:12  Photon Cannon  
  30  7:30  Probe (Chrono Boost)  
  31  7:44  Probe (Chrono Boost)  
  32  7:53  Photon Cannon  
  32  7:54  Photon Cannon  
  32  7:58  Probe (Chrono Boost)  
  33  8:02  Photon Cannon  
  33  8:12  Probe (Chrono Boost)  
  34  8:24  Supplicant x2  
  34  8:26  Probe (Chrono Boost)  
  39  8:40  Probe (Chrono Boost)  
  40  8:52  Havoc  
  40  8:54  Probe (Chrono Boost)  
  42  9:01  Photon Cannon  
  42  9:08  Probe (Chrono Boost)  
  42  9:09  Photon Cannon  
  43  9:21  Probe (Chrono Boost)  
  43  9:22  Photon Cannon  
  43  9:28  Pylon  
  46  9:34  Slayer  
  46  9:35  Probe (Chrono Boost)  
  46  9:38  Photon Cannon  
  47  9:43  Pylon  
  47  9:47  Photon Cannon  
  47  9:58  Photon Cannon  
  47  10:06  Ascendant  
  47  10:14  Photon Cannon  
  49  10:55  Photon Cannon  
  49  10:56  Supplicant x2  
  49  10:57  Photon Cannon  
  49  10:59  Photon Cannon  
  53  11:10  Photon Cannon  
  53  11:12  Photon Cannon  
  53  11:17  Havoc  
  53  11:22  Photon Cannon  
  54  11:31  Photon Cannon  
  54  11:37  Pylon  
  54  11:52  Slayer  
  56  12:18  Ascendant  
  56  12:20  Photon Cannon  
  56  12:22  Photon Cannon  
  58  12:30  Photon Cannon  
  58  12:36  Pylon  
  58  12:59  Photon Cannon  
  58  13:07  Photon Cannon  
  58  13:08  Supplicant x2  
  58  13:11  Photon Cannon  
  58  13:16  Photon Cannon  
  62  13:22  Photon Cannon  
  62  13:28  Photon Cannon  
  62  13:31  Supplicant x2  
  62  13:37  Photon Cannon  
  66  13:54  Supplicant x2, Photon Cannon  
  70  14:04  Photon Cannon  
  70  14:07  Photon Cannon  
  70  14:17  Supplicant x2  
  74  14:42  Slayer  
  76  14:55  Photon Cannon  
  76  15:10  Pylon  
  76  15:12  Pylon  
  76  15:14  Pylon  
  76  15:16  Slayer  
  78  15:38  Supplicant x2  
  82  15:50  Slayer  
  84  16:06  Havoc  
  85  16:24  Mothership  
  85  16:25  Slayer  
  87  16:41  Imposing Presence  
  87  16:43  Ascendant  
  89  16:59  Slayer  
  89  17:09  Pylon x2  
  91  17:13  Pylon  
  91  17:17  Pylon  
  91  17:33  Slayer  
  91  17:38  Supplicant x2  
  97  18:05  Supplicant x2  
  97  18:07  Slayer  
  101  18:11  Telekinesis  
  103  18:33  Supplicant x2  
  107  18:42  Slayer  
  109  19:01  Supplicant x2  
  113  19:16  Slayer  
  115  19:29  Supplicant x2  
  119  19:41  Protoss Ground Weapons Level 1, Protoss Air Weapons Level 1  
  119  19:50  Slayer  
  119  19:57  Supplicant x2  
  125  20:24  Slayer  
  125  20:25  Supplicant x2  
  131  20:41  Cloaking Module  
  131  20:53  Supplicant x2, Fusion Mortars  
  131  20:57  Mind Blast  
  131  20:59  Slayer  
  135  21:02  Blood Shields  
  135  21:21  Supplicant x2  
  139  21:33  Slayer  
  141  21:41  Bloodshard Resonance  
  141  21:49  Supplicant x2  
  145  21:53  Matter Dispersion  
  145  21:57  Chaotic Attunement  
  145  22:02  Phase Blink  
  145  22:07  Slayer  
  145  22:17  Supplicant x2  
  151  22:21  Protoss Ground Armor Level 1, Protoss Air Armor Level 1  
  151  22:41  Slayer  
  151  22:45  Supplicant x2  
  157  22:53  Aerial Tracking  
  157  22:57  Power Overwhelming  
  157  23:01  Mothership  
  157  23:02  Soul Augmentation  
  157  23:11  Detect Weakness  
  157  23:13  Supplicant x2  
  157  23:16  Slayer  
  163  23:41  Supplicant x2  
  167  23:50  Slayer  
  167  23:53  Rapid Power Cycling  
  169  24:09  Havoc  
  170  24:24  Slayer  
  172  24:32  Phasing Armor  
  172  24:46  Ascendant  
  174  24:58  Slayer  
  176  25:33  Slayer  
  178  25:41  Ascendant  
Show
View Real Time Build Order
Export as new Build Order

Takker Protoss 

Build Orders:  

Get SALT Encoding   

  12  0:02  Probe (Chrono Boost)  
  13  0:16  Probe (Chrono Boost)  
  14  0:30  Probe (Chrono Boost)  
  15  0:44  Probe (Chrono Boost)  
  16  0:58  Probe (Chrono Boost)  
  17  1:00  Xel'Naga Passageway  
  17  1:12  Probe (Chrono Boost)  
  18  1:26  Probe (Chrono Boost)  
  11  1:40  Probe (Chrono Boost)  
  20  1:53  Probe (Chrono Boost)  
  21  2:07  Probe (Chrono Boost)  
  21  2:09  Core Forge  
  22  2:16  Xel'Naga Ambusher  
  24  2:21  Probe (Chrono Boost)  
  25  2:35  Probe (Chrono Boost)  
  26  2:49  Probe (Chrono Boost)  
  26  2:58  Xel'Naga Passageway, Xel'Naga Ambusher  
  29  3:03  Probe (Chrono Boost)  
  30  3:17  Probe (Chrono Boost)  
  31  3:40  Tesseract Cannon  
  31  3:44  Tesseract Cannon  
  31  4:39  Xel'Naga Shieldguard, Xel'Naga Ambusher  
  35  4:58  Probe (Chrono Boost)  
  36  5:12  Probe (Chrono Boost)  
  36  5:16  Xel'Naga Ambusher  
  39  5:20  Void Shrine  
  39  5:21  Xel'Naga Shieldguard  
  39  5:26  Probe (Chrono Boost)  
  42  6:08  Xel'Naga Passageway  
  42  6:09  Xel'Naga Passageway  
  42  6:11  Tesseract Cannon x2  
  42  6:15  Tesseract Cannon  
  42  7:31  Xel'Naga Ambusher x2  
  42  7:32  Void Templar x2  
  50  8:13  Void Templar x2  
  50  8:14  Void Templar  
  56  8:41  Xel'Naga Shieldguard  
  58  8:55  Xel'Naga Shieldguard x2  
  58  8:56  Xel'Naga Ambusher  
  64  9:18  Xel'Naga Ambusher  
  66  9:39  Void Templar x2  
  70  9:40  Xel'Naga Shieldguard  
  72  10:00  Xel'Naga Shieldguard  
  68  11:09  Xel'Naga Ambusher x2  
  72  11:10  Void Templar  
  72  11:11  Void Templar  
  76  12:02  Tesseract Cannon  
  76  12:24  Tesseract Cannon  
  76  12:30  Tesseract Cannon x2  
  76  12:50  Tesseract Cannon  
  76  12:53  Tesseract Cannon  
  76  12:55  Tesseract Cannon  
  76  12:58  Tesseract Cannon  
  76  13:38  Constructs Facility  
  76  14:37  Xel'Naga Shieldguard x2  
  76  14:38  Void Templar  
  76  14:39  Void Templar  
  84  15:11  Xel'Naga Watcher  
  84  15:14  Void Templar  
  87  15:41  Xel'Naga Watcher  
  88  16:11  Xel'Naga Watcher  
  88  16:12  Void Templar x2  
  93  16:41  Xel'Naga Watcher  
  94  17:11  Xel'Naga Watcher  
  95  18:01  Void Templar x2  
  99  18:32  Serdath Legion  
  99  21:41  Xel'Naga Watcher  
  99  23:43  Tesseract Cannon  
  99  23:47  Tesseract Cannon x2  
  99  23:51  Tesseract Cannon  
  99  23:53  Tesseract Cannon  
  99  23:55  Tesseract Cannon  
  99  23:57  Tesseract Cannon  
  99  23:59  Tesseract Cannon  
  99  24:02  Tesseract Cannon  
  99  24:47  Serdath Legion  
  99  25:58  Tesseract Cannon  
  97  26:00  Tesseract Cannon  
  97  26:02  Tesseract Cannon  
  97  26:03  Tesseract Cannon  
  97  26:05  Tesseract Cannon  
  97  26:08  Tesseract Cannon x2  
  97  26:11  Tesseract Cannon  
  97  26:13  Tesseract Cannon  
  97  27:06  Tesseract Cannon  
  97  27:09  Tesseract Cannon  
  97  27:11  Tesseract Cannon  
  97  27:20  Serdath Legion  
Tags
 
Add a new tag
Caveats
  • Supply blocks, unpowered buildings, or Contaminate may cause inaccurate times.
  • Supply counts are checked every 10 seconds.